[Event "Titled Tuesday Blitz February 28 Late 2023"]
[White "Krishnan, Varun"]
[Black "Ansh M Shah"]
[WhiteFideId "5054508"]
[BlackFideId "25033379"]
[WhiteElo "2537"]
[BlackElo "2084"]
[Result "1/2-1/2"]
[Round "07"]
[TimeControl "180+2"]
[Date "2023.02.28"]
[WhiteClock "0:00:09"]
[BlackClock "0:00:14"]

1. e4 c6 2. d4 d5 3. exd5 cxd5 4. c4 Nf6 5. Nc3 Nc6 6. Bg5 dxc4 7. Bxc4 h6 8. Bh4 Qxd4 9. Qxd4 Nxd4 10. O-O-O g5 11. Bg3 Ne6 12. Nf3 Bg7 13. h4 g4 14. Ne5 O-O 15. Nd5 Nxd5 16. Bxd5 Nc5 17. Rhe1 Bf5 18. f3 Rac8 19. Kd2 gxf3 20. Bxf3 Ne6 21. Ke2 Rc2+ 22. Rd2 Nd4+ 23. Kd1 Rxd2+ 24. Kxd2 Nxf3+ 25. gxf3 Rd8+ 26. Ke2 Rc8 27. Rd1 Rc2+ 28. Rd2 Rc8 29. b3 Bf6 30. Nc4 b5 31. Ne3 Be6 32. Nd5 Kg7 33. Nxf6 Kxf6 34. Bf4 h5 35. Bg5+ Kg6 36. Be3 Bf5 37. Kf2 Rc2 38. Rxc2 Bxc2 39. Bxa7 b4 40. Bc5 Bb1 41. Bxb4 Bxa2 42. Bxe7 Bxb3 43. Kg3 Be6 44. f4 Kf5 45. Bc5 Bd5 46. Ba7 Ke4 47. Bb8 f5 48. Bc7 Kd3 49. Bb8 Ke2 50. Bc7 Be4 51. Bb8 Kf1 52. Bc7 Ke2 53. Bb8 Bf3 54. Bc7 Bg4 55. Bb8 Kd3 56. Bc7 Kc4 57. Kf2 Kd3 58. Bb8 Ke4 59. Bc7 Kd3 60. Bb8 1/2-1/2


[Site "https://www.chess.com"]

[Event "Titled Tuesday Blitz February 28 Late 2023"]
[White "Mendez Fortes, Eduardo Jesus"]
[Black "Kostiukov, Alexandr"]
[WhiteFideId "3502376"]
[BlackFideId "14108100"]
[WhiteElo "2307"]
[BlackElo "2202"]
[Result "1-0"]
[Round "07"]
[TimeControl "180+2"]
[Date "2023.02.28"]
[WhiteClock "0:00:18"]
[BlackClock "0:00:01"]

1. e4 c5 2. Nf3 g6 3. d4 cxd4 4. Nxd4 Bg7 5. c4 Nc6 6. Be3 Nf6 7. Nc3 O-O 8. Be2 Nxd4 9. Bxd4 Qa5 10. O-O d6 11. f3 Be6 12. Rc1 a6 13. a3 Rfc8 14. Nd5 Bxd5 15. exd5 Nd7 16. Bxg7 Kxg7 17. Qd4+ f6 18. f4 Qb6 19. Qxb6 Nxb6 20. b3 a5 21. a4 Nd7 22. Bg4 f5 23. Bf3 Nc5 24. Rc3 b6 25. Re1 Rc7 26. Rce3 Kf6 27. Kf2 h5 28. g3 Rh8 29. h3 Rh7 30. Ke2 Rf7 31. Kd2 Kg7 32. Kc3 Kf6 33. Kd4 Na6 34. g4 hxg4 35. hxg4 fxg4 36. Bxg4 Kg7 37. Rf3 Ra7 38. Be6 Rf6 39. f5 Nc5 40. Rg1 Ra8 41. Rfg3 Rh8 42. Rxg6+ Rxg6 43. Rxg6+ Kf8 44. Rg3 Ke8 45. Rg4 Kd8 46. Rg3 Rh4+ 47. Ke3 Nxb3 48. Rg8+ Kc7 49. Rg7 Kd8 50. Rg8+ Kc7 51. Ra8 Nc5 52. Re8 Rh7 53. Kf4 Nxa4 54. Kg5 Nc5 55. Kg6 Rh1 56. Rxe7+ Kd8 57. f6 Rg1+ 58. Kf7 Rh1 59. Ra7 Re1 60. Ra8+ Kc7 61. Rh8 Rg1 62. Rh7 a4 63. Ke7 a3 64. Rh2 1-0


[Site "https://www.chess.com"]

[Event "Titled Tuesday Blitz February 28 Late 2023"]
[White "Bulgurlu, Okan"]
[Black "Martic, Ivan"]
[WhiteFideId "6352316"]
[BlackFideId "929301"]
[WhiteElo "2339"]
[BlackElo "2360"]
[Result "1-0"]
[Round "07"]
[TimeControl "180+2"]
[Date "2023.02.28"]
[WhiteClock "0:00:19"]
[BlackClock "0:00:36"]

1. e4 Nf6 2. Nc3 d5 3. exd5 Nxd5 4. Nf3 g6 5. Bc4 Nxc3 6. dxc3 Qxd1+ 7. Kxd1 Bg7 8. Bf4 c6 9. Re1 Bg4 10. Re3 Nd7 11. Ke1 Bxf3 12. Rxf3 Nb6 13. Bb3 O-O 14. Rd1 e6 15. Rfd3 c5 16. c4 e5 17. Be3 Rac8 18. c3 h6 19. a4 a5 20. Rd6 Na8 21. Bc2 Kh7 22. Be4 f5 23. Bxb7 Rb8 24. Bxa8 Rxa8 25. Bxc5 Rfb8 26. Rb6 Rc8 27. Rd5 e4 28. Rb7 Kh8 29. Ke2 Ra6 30. b3 f4 31. Rdd7 Rxc5 32. Rxg7 f3+ 33. gxf3 exf3+ 34. Kxf3 Rf6+ 35. Ke4 Rcf5 36. Rge7 Rf4+ 37. Kd5 R4f5+ 38. Re5 Rxe5+ 39. Kxe5 Rxf2 40. c5 Rf5+ 41. Kd6 g5 42. c6 Rf6+ 43. Kc5 Rf5+ 44. Kb6 Rf6 45. Kb5 Rf5+ 46. Kc4 Rf4+ 47. Kd3 Rf2 48. c7 1-0


[Site "https://www.chess.com"]

[Event "Titled Tuesday Blitz February 28 Late 2023"]
[White "Ristic, Nebojsa B"]
[Black "Ward, Ieuan C"]
[WhiteFideId "935468"]
[BlackFideId "406627"]
[WhiteElo "2303"]
[BlackElo "2332"]
[Result "1-0"]
[Round "07"]
[TimeControl "180+2"]
[Date "2023.02.28"]
[WhiteClock "0:02:07"]
[BlackClock "0:01:35"]

1. d4 Nf6 2. Bf4 d5 3. e3 e6 4. Nf3 Bd6 5. Bg3 O-O 6. Nbd2 c5 7. c3 Nc6 8. Bd3 b6 9. Qe2 a5 10. Rd1 cxd4 11. exd4 Re8 12. Bxd6 Qxd6 13. Ne5 Bb7 14. O-O Nd7 15. Bxh7+ Kxh7 16. Qh5+ Kg8 17. Qxf7+ Kh7 18. Nxd7 Re7 19. Nf6+ 1-0


[Site "https://www.chess.com"]

[Event "Titled Tuesday Blitz February 28 Late 2023"]
[White "WindWhistler11"]
[Black "Lopez Del Alamo, Antonio"]
[BlackFideId "2227339"]
[WhiteElo "2523"]
[BlackElo "2175"]
[Result "0-1"]
[Round "07"]
[TimeControl "180+2"]
[Date "2023.02.28"]
[WhiteClock "0:00:04"]
[BlackClock "0:00:36"]

1. b4 Nf6 2. Bb2 g6 3. e3 Bg7 4. Nf3 O-O 5. c4 d6 6. d4 Nbd7 7. b5 e5 8. Be2 e4 9. Nfd2 Re8 10. Nc3 Nf8 11. g4 h6 12. h4 N8h7 13. Rg1 g5 14. Qc2 Qe7 15. O-O-O gxh4 16. Rde1 Ng5 17. f4 exf3 18. Bxf3 c6 19. bxc6 bxc6 20. Bxc6 Bb7 21. Bxe8 Rxe8 22. d5 h3 23. e4 h2 24. Rg2 Bc8 25. e5 dxe5 26. Rxh2 Nxg4 27. Rg2 f5 28. Nb5 Bd7 29. Ba3 Qf6 30. Nd6 Rb8 31. c5 e4 32. c6 Qa1+ 33. Nb1 Nf3 34. Ree2 Nd4 0-1


[Site "https://www.chess.com"]

[Event "Titled Tuesday Blitz February 28 Late 2023"]
[White "Sadovsky, Artem"]
[Black "Smith, Garrett L"]
[WhiteFideId "4155840"]
[BlackFideId "2024829"]
[WhiteElo "2314"]
[BlackElo "2304"]
[Result "1-0"]
[Round "07"]
[TimeControl "180+2"]
[Date "2023.02.28"]
[WhiteClock "0:01:23"]
[BlackClock "0:00:21"]

1. Nf3 c5 2. e3 Nc6 3. b3 e5 4. Bb2 d6 5. d4 e4 6. d5 exf3 7. dxc6 bxc6 8. Qxf3 Qc7 9. Nc3 Ne7 10. Bd3 Ng6 11. Nb5 Qb7 12. Bxg7 cxb5 13. Be4 Bxg7 14. Bc6+ Kf8 15. Bxb7 Ne5 16. Qe4 f5 17. Qd5 1-0


[Site "https://www.chess.com"]

[Event "Titled Tuesday Blitz February 28 Late 2023"]
[White "Kovalevsky, Stanislav"]
[Black "Chabris, Christopher"]
[WhiteFideId "13508598"]
[BlackFideId "2005263"]
[WhiteElo "2220"]
[BlackElo "2256"]
[Result "1-0"]
[Round "07"]
[TimeControl "180+2"]
[Date "2023.02.28"]
[WhiteClock "0:00:06"]
[BlackClock "0:00:01"]

1. c4 e5 2. Nc3 Nf6 3. g3 Bb4 4. Bg2 Bxc3 5. dxc3 Nc6 6. e4 d6 7. Qe2 h6 8. Nf3 Be6 9. Nd2 Qd7 10. Nf1 Na5 11. Ne3 a6 12. b3 b5 13. cxb5 axb5 14. Bb2 O-O 15. O-O Bh3 16. Bxh3 Qxh3 17. Qxb5 Nxe4 18. Qd5 Nf6 19. Qg2 Qd7 20. b4 Nc6 21. a4 d5 22. Rfd1 e4 23. b5 Ne5 24. c4 Nf3+ 25. Kh1 d4 26. Nc2 d3 27. Bxf6 gxf6 28. Ne1 Nxe1 29. Rxe1 f5 30. g4 fxg4 31. Rxe4 f5 32. Re5 Qd4 33. Qd5+ Qxd5+ 34. Rxd5 Rad8 35. a5 Rxd5 36. cxd5 Re8 37. Kg2 d2 38. Rd1 Ra8 39. a6 Kf7 40. Rxd2 Kf6 41. Re2 f4 42. Re6+ Kf5 43. Rc6 f3+ 44. Kg3 Re8 45. Rxc7 Re1 46. Rf7+ Kg6 47. Rf8 h5 48. Kf4 1-0


[Site "https://www.chess.com"]

[Event "Titled Tuesday Blitz February 28 Late 2023"]
[White "Sielecki, Christof"]
[Black "Senft, Sean"]
[WhiteFideId "4620437"]
[BlackFideId "2044960"]
[WhiteElo "2443"]
[BlackElo "1989"]
[Result "1-0"]
[Round "07"]
[TimeControl "180+2"]
[Date "2023.02.28"]
[WhiteClock "0:01:47"]
[BlackClock "0:01:57"]

1. e4 e5 2. Nf3 Nc6 3. Bb5 Nf6 4. d3 d6 5. c3 Be7 6. O-O O-O 7. Re1 a6 8. Ba4 b5 9. Bc2 Bb7 10. Nbd2 Re8 11. Nf1 Bf8 12. Ng3 g6 13. h3 Qb8 14. Bg5 Bg7 15. Qd2 Qa7 16. Be3 Qb8 17. Bh6 Qa7 18. Bxg7 Kxg7 19. Nf5+ Kh8 20. Nh6 Rf8 21. Bb3 Nd8 22. Qg5 Kg7 23. Nf5+ 1-0


[Site "https://www.chess.com"]

[Event "Titled Tuesday Blitz February 28 Late 2023"]
[White "Rodrigues, Tiago Pereira"]
[Black "Lucassen, Mickey"]
[WhiteFideId "2101203"]
[BlackFideId "12919110"]
[WhiteElo "2168"]
[BlackElo "2361"]
[Result "1-0"]
[Round "07"]
[TimeControl "180+2"]
[Date "2023.02.28"]
[WhiteClock "0:00:28"]
[BlackClock "0:00:02"]

1. d4 Nf6 2. Bf4 c5 3. c3 Qb6 4. Qc2 cxd4 5. cxd4 Nc6 6. e3 d6 7. Nf3 g6 8. Nc3 Bf5 9. Qb3 Qxb3 10. axb3 Bg7 11. h3 O-O 12. Bb5 Nb4 13. O-O a6 14. Bc4 b5 15. Be2 Be6 16. Nd2 Nfd5 17. Bg5 h6 18. Bh4 g5 19. Bg3 Rfc8 20. Rfc1 f5 21. Bh2 Kf7 22. Bh5+ Kg8 23. Be2 Ra7 24. Nxd5 Rxc1+ 25. Rxc1 Bxd5 26. Rc8+ Kh7 27. Nb1 Bxb3 28. Nc3 e5 29. dxe5 dxe5 30. g4 f4 31. Kf1 Rd7 32. Bf3 Bc4+ 33. Kg2 Bd3 34. h4 Bf6 35. h5 Kg7 36. Ra8 Rc7 37. Nd5 Nxd5 38. Bxd5 Rd7 39. e4 b4 40. Rg8+ Kh7 41. Rb8 Kg7 42. Rxb4 a5 43. Rb6 a4 44. Rb4 Bc2 45. f3 Be7 46. Rb8 Bc5 47. Rc8 Bd4 48. Rxc2 Ra7 49. Bg1 a3 50. bxa3 Bxg1 51. Kxg1 Rxa3 52. Kf2 1-0


[Site "https://www.chess.com"]

[Event "Titled Tuesday Blitz February 28 Late 2023"]
[White "Paszewski, Mateusz"]
[Black "Tyagi, Kushan"]
[WhiteFideId "1141058"]
[BlackFideId "2040069"]
[WhiteElo "2223"]
[BlackElo "2358"]
[Result "1/2-1/2"]
[Round "07"]
[TimeControl "180+2"]
[Date "2023.02.28"]
[WhiteClock "0:00:11"]
[BlackClock "0:00:12"]

1. d4 Nf6 2. c4 e6 3. Nc3 Bb4 4. Qc2 O-O 5. Nf3 c5 6. dxc5 Bxc5 7. Bf4 b6 8. e3 Bb7 9. Be2 Be7 10. O-O d6 11. Rfd1 a6 12. Ng5 Qc7 13. Bf3 Nc6 14. Nce4 Nxe4 15. Nxe4 Ne5 16. Bxe5 dxe5 17. Nd2 Rfd8 18. Bxb7 Qxb7 19. Ne4 Rac8 20. Rxd8+ Rxd8 21. Nc3 Qc6 22. b3 b5 23. Ne2 Rc8 24. Rc1 bxc4 25. Qxc4 Qxc4 26. bxc4 Kf8 27. Kf1 Bc5 28. Ke1 Rb8 29. Kd2 Ke7 30. Kc2 Rb4 31. Kc3 f5 32. Rc2 Kd6 33. Rb2 a5 34. Rxb4 Bxb4+ 35. Kb3 Kc5 36. Nc1 e4 37. Ne2 e5 38. g4 Be1 39. gxf5 Bxf2 40. Nc3 Bxe3 41. Nxe4+ Kd4 42. Nd6 Bd2 43. c5 Bb4 44. Ne8 Bxc5 45. Nxg7 e4 46. Kc2 Ke5 47. Kd2 Bb4+ 48. Ke3 Bc5+ 49. Ke2 Kf6 50. Ne6 Bd6 51. Ke3 Kxf5 52. Nd4+ Ke5 53. Nc6+ Kd5 54. Nxa5 Bxh2 55. Ke2 Be5 56. Nb3 h5 57. Nd2 h4 58. Nxe4 Kxe4 59. Kf1 Kf3 60. Kg1 Kg3 61. Kh1 h3 62. a4 Bd4 63. a5 Ba7 64. a6 h2 1/2-1/2


[Site "https://www.chess.com"]

[Event "Titled Tuesday Blitz February 28 Late 2023"]
[White "Urbina Perez, Juan Antonio"]
[Black "Kovacs, Klara"]
[WhiteFideId "2217368"]
[BlackFideId "733210"]
[WhiteElo "2197"]
[BlackElo "2179"]
[Result "1/2-1/2"]
[Round "07"]
[TimeControl "180+2"]
[Date "2023.02.28"]
[WhiteClock "0:00:32"]
[BlackClock "0:01:37"]

1. e4 e6 2. Qe2 d5 3. exd5 Qxd5 4. Nc3 Qd8 5. Nf3 c5 6. g3 Nf6 7. Bg2 Be7 8. O-O O-O 9. Ne5 Nbd7 10. d3 Nxe5 11. Qxe5 Bd6 12. Qe2 e5 13. Bg5 h6 14. Bxf6 Qxf6 15. Ne4 Qe7 16. Nxd6 Qxd6 17. b3 Rb8 18. Rae1 f6 19. f4 exf4 20. Rxf4 Bd7 21. Re4 Bc6 22. Re6 Qd4+ 23. Kh1 Bxg2+ 24. Kxg2 Kh8 25. Qe4 Qc3 26. Re2 f5 27. Qe5 Qxe5 28. R2xe5 b6 29. Re7 Ra8 30. Rc7 f4 31. Ree7 fxg3 32. Rxg7 Rf2+ 33. Kxg3 Rxc2 34. Rh7+ Kg8 35. Rcg7+ Kf8 36. Rxa7 Rxa7 37. Rxa7 Rd2 38. Rb7 Rxd3+ 39. Kh4 Rd2 40. h3 Rxa2 41. Rxb6 Kg7 42. Kh5 Rh2 43. h4 Rh3 44. Rb7+ Kf6 45. Rb6+ Ke5 46. Kg4 Rd3 47. Kh5 Rh3 48. b4 c4 49. Rc6 Kd5 50. Rxh6 c3 51. Rh8 Kc4 52. b5 Kxb5 53. Rc8 Kb4 54. Kg4 Rh1 55. h5 Kb3 56. Kg5 c2 57. h6 c1=Q+ 58. Rxc1 Rxc1 59. h7 Rh1 60. Kg6 Kc4 61. Kg7 Rg1+ 62. Kf8 Rh1 63. Kg7 Rg1+ 64. Kf8 Rh1 65. Kg7 1/2-1/2


[Site "https://www.chess.com"]

[Event "Titled Tuesday Blitz February 28 Late 2023"]
[White "Szente Varga, Fruzsina"]
[Black "Ferreira, Vitor Hugo Vieira"]
[WhiteFideId "712264"]
[BlackFideId "2119765"]
[WhiteElo "1994"]
[BlackElo "2146"]
[Result "0-1"]
[Round "07"]
[TimeControl "180+2"]
[Date "2023.02.28"]
[WhiteClock "0:00:04"]
[BlackClock "0:00:55"]

1. e4 c5 2. Nf3 d6 3. d4 cxd4 4. Qxd4 Nc6 5. Bb5 Bd7 6. Qd3 Rc8 7. c4 Nb4 8. Bxd7+ Qxd7 9. Qe2 Qc6 10. a3 Qxc4 11. axb4 Qxc1+ 12. Qd1 Qxb2 13. Nbd2 a6 14. Rb1 Qc2 15. O-O Qxd1 16. Rfxd1 Nf6 17. b5 a5 18. b6 e6 19. Rb5 Ra8 20. Ra1 a4 21. Nd4 d5 22. exd5 Nxd5 23. Ne4 Kd7 24. Ng5 Bb4 25. Nxf7 Bc3 26. Rd1 Rhc8 27. Ne5+ Kd6 28. Nxe6 Kxe6 29. Rdxd5 a3 30. Nd3 a2 0-1


[Site "https://www.chess.com"]

[Event "Titled Tuesday Blitz February 28 Late 2023"]
[White "Sanchez Alvares, Kelvin Antonio"]
[Black "Van Foreest, Machteld"]
[WhiteFideId "3906680"]
[BlackFideId "1051563"]
[WhiteElo "2217"]
[BlackElo "2018"]
[Result "0-1"]
[Round "07"]
[TimeControl "180+2"]
[Date "2023.02.28"]
[WhiteClock "0:00:04"]
[BlackClock "0:00:37"]

1. e4 c5 2. Nf3 e6 3. d4 cxd4 4. Nxd4 Nf6 5. Nc3 Nc6 6. Ndb5 Bc5 7. Nd6+ Ke7 8. Nxc8+ Rxc8 9. Bd3 Re8 10. O-O a6 11. Bg5 Kf8 12. Kh1 Ne5 13. f4 Nxd3 14. Qxd3 Be7 15. e5 Ng8 16. Bxe7+ Qxe7 17. Qxh7 f5 18. g4 Nh6 19. g5 Ng4 20. h3 Ne3 21. g6 Qc5 22. Qh8+ Ke7 23. Qxg7+ Kd8 24. Rf2 Kc7 25. Rd2 Qc6+ 26. Kh2 Rh8 27. Rg1 Rcg8 28. Qf6 Qf3 29. h4 Qxf4+ 30. Rg3 Rxh4+ 31. Kg1 Qxg3+ 0-1


[Site "https://www.chess.com"]

[Event "Titled Tuesday Blitz February 28 Late 2023"]
[White "Petukhov, Dmitry"]
[Black "Zampronha, Wladimir Camilo"]
[WhiteFideId "4142748"]
[BlackFideId "2103087"]
[WhiteElo "2311"]
[BlackElo "2176"]
[Result "1-0"]
[Round "07"]
[TimeControl "180+2"]
[Date "2023.02.28"]
[WhiteClock "0:00:20"]
[BlackClock "0:00:15"]

1. e4 c5 2. c3 Nf6 3. e5 Nd5 4. d4 cxd4 5. Nf3 e6 6. cxd4 b6 7. Nc3 Bb7 8. Bd3 Nxc3 9. bxc3 Qc7 10. Bd2 d6 11. O-O Nd7 12. Ng5 dxe5 13. Qh5 g6 14. Qh3 Be7 15. Rae1 Bd5 16. c4 Bxc4 17. Rc1 b5 18. f4 Bxg5 19. fxg5 exd4 20. Bb4 Nb6 21. Qf3 Nd5 22. Bxc4 bxc4 23. Rxc4 Qxc4 24. Qxf7+ Kd8 25. Ba5+ Nb6 26. Qf6+ Kd7 27. Rd1 Rhf8 28. Rxd4+ Nd5 29. Qg7+ 1-0


[Site "https://www.chess.com"]

[Event "Titled Tuesday Blitz February 28 Late 2023"]
[White "Gatterer, Florian"]
[Black "Womacka, Mathias"]
[WhiteFideId "811688"]
[BlackFideId "4611390"]
[WhiteElo "2221"]
[BlackElo "2377"]
[Result "1/2-1/2"]
[Round "07"]
[TimeControl "180+2"]
[Date "2023.02.28"]
[WhiteClock "0:01:07"]
[BlackClock "0:00:18"]

1. f4 c5 2. Nf3 g6 3. e4 Bg7 4. g3 Nc6 5. Bg2 e6 6. O-O Nge7 7. c3 O-O 8. Na3 b6 9. Nc2 Bb7 10. d4 cxd4 11. Ncxd4 Nxd4 12. Nxd4 a6 13. Be3 d6 14. Qd2 e5 15. Ne2 d5 16. fxe5 dxe4 17. Qxd8 Rfxd8 18. Bxb6 Rd2 19. Rfe1 Bxe5 20. Bd4 Bxd4+ 21. Nxd4 Rxb2 22. Bxe4 Bxe4 23. Rxe4 Nd5 24. c4 Nc3 25. Re7 Rc8 26. Rf1 Rxc4 27. Rfxf7 Rxd4 28. Rg7+ Kf8 29. Rgf7+ Kg8 30. Rg7+ Kf8 31. Rgf7+ Kg8 1/2-1/2


[Site "https://www.chess.com"]

[Event "Titled Tuesday Blitz February 28 Late 2023"]
[White "Mazurkiewicz, Michal"]
[Black "Tsyhanchuk, Stanislav"]
[WhiteFideId "1124943"]
[BlackFideId "13505130"]
[WhiteElo "2054"]
[BlackElo "2173"]
[Result "1-0"]
[Round "07"]
[TimeControl "180+2"]
[Date "2023.02.28"]
[WhiteClock "0:00:08"]
[BlackClock "0:00:06"]

1. e4 c5 2. Nf3 d6 3. g3 Nf6 4. d3 Nc6 5. Bg2 g6 6. O-O Bg7 7. Re1 O-O 8. e5 dxe5 9. Nxe5 Nxe5 10. Rxe5 Bg4 11. Qe1 e6 12. Nc3 b6 13. h3 Bf5 14. g4 Nxg4 15. hxg4 Bxe5 16. Qxe5 Bxg4 17. Bxa8 Qxa8 18. Bh6 f6 19. Qe4 Qxe4 20. Nxe4 Rf7 21. a4 g5 22. a5 b5 23. a6 Bf3 24. Ra5 Bxe4 25. dxe4 Rc7 26. Rxb5 Rc6 27. Rb8+ Kf7 28. Bf8 c4 29. Ra8 Rxa6 30. Bc5 Ra1+ 31. Kg2 a6 32. Ra7+ Kg6 33. Bf8 f5 34. e5 f4 35. Bg7 h5 36. Bf6 Kf5 37. Rg7 g4 38. Rg5+ Ke4 39. Rxh5 Rc1 40. Rg5 g3 41. fxg3 Rxc2+ 42. Kh3 f3 43. Rg4+ Ke3 44. Bg5+ Ke2 45. Re4+ Kf1 46. Be3 Rxb2 47. g4 f2 48. g5 Rb3 49. Kg4 Kg1 50. Bd4 Rd3 51. Bb6 c3 52. Re2 Kg2 53. Rxf2+ Kg1 54. Rc2+ Kh1 55. g6 Rd2 56. Rc1+ Kh2 57. Be3 Rg2+ 58. Kh5 c2 59. Kh6 a5 60. Bf4+ Kh3 61. g7 Rxg7 62. Kxg7 a4 63. Kf6 a3 64. Kxe6 a2 65. Kd5 Kg4 66. e6 Kxf4 67. e7 Ke3 68. e8=Q+ Kd2 69. Qe1+ Kd3 70. Ra1 c1=Q 71. Qxc1 Ke2 72. Qc3 Kf2 73. Rxa2+ Kf1 74. Qa1# 1-0


[Site "https://www.chess.com"]

[Event "Titled Tuesday Blitz February 28 Late 2023"]
[White "Sarkar, Justin"]
[Black "Fajdetic, Hrvoje"]
[WhiteFideId "2010011"]
[BlackFideId "14501945"]
[WhiteElo "2189"]
[BlackElo "2185"]
[Result "0-1"]
[Round "07"]
[TimeControl "180+2"]
[Date "2023.02.28"]
[WhiteClock "0:00:01"]
[BlackClock "0:00:05"]

1. d4 e6 2. e4 d5 3. Nd2 dxe4 4. Nxe4 Nd7 5. Nf3 Ngf6 6. Ng3 b6 7. Bd3 Bb7 8. O-O Bd6 9. Re1 O-O 10. b3 c5 11. Bb2 Qc7 12. c4 cxd4 13. Nxd4 a6 14. Rc1 Nc5 15. Bc2 Rad8 16. Qe2 Bf4 17. Rcd1 Bh6 18. b4 Ncd7 19. a3 Nb8 20. Bb3 Nc6 21. Nf3 Rxd1 22. Rxd1 Rd8 23. h4 Rxd1+ 24. Qxd1 Bf4 25. Ne2 Bd6 26. Bxf6 gxf6 27. Ned4 Ne5 28. Nxe5 Bxe5 29. Qg4+ Kf8 30. Nf3 Qd6 31. Nxe5 Qxe5 32. Qd1 Qc3 33. f3 Qe3+ 34. Kf1 Qf4 35. Qe1 Qh2 36. Qf2 Qe5 37. Qe1 Qb2 38. Qe3 Qxa3 39. c5 Qxb4 40. cxb6 a5 41. Kg1 a4 42. Ba2 a3 0-1


[Site "https://www.chess.com"]

[Event "Titled Tuesday Blitz February 28 Late 2023"]
[White "Torres Dominguez, David"]
[Black "Carrasco Miranda, Andres"]
[WhiteFideId "2220857"]
[BlackFideId "3405990"]
[WhiteElo "1999"]
[BlackElo "2183"]
[Result "0-1"]
[Round "07"]
[TimeControl "180+2"]
[Date "2023.02.28"]
[WhiteClock "0:00:30"]
[BlackClock "0:00:42"]

1. e4 c5 2. Nc3 d6 3. Nf3 Nf6 4. d4 cxd4 5. Nxd4 a6 6. f4 e5 7. Nf3 Qc7 8. Bd3 Be7 9. O-O O-O 10. Qe1 Nbd7 11. fxe5 Nxe5 12. Nh4 Nfg4 13. h3 Qc5+ 14. Kh1 Nf2+ 15. Qxf2 Qxf2 16. Rxf2 Bxh4 17. Rf1 Be6 18. Bf4 Rfd8 19. Rad1 Rac8 20. Bxe5 dxe5 21. Be2 Rd4 22. Kh2 g6 23. Bd3 b5 24. Ne2 Rdd8 25. a3 Kg7 26. Ng1 Be7 27. Nf3 f6 28. Be2 Rxc2 29. Rxd8 Bxd8 30. Rd1 Rxe2 31. Rxd8 Rxb2 32. Ra8 Bc4 33. Rxa6 b4 34. Ra7+ Kh6 35. a4 Bd3 36. a5 Bxe4 37. Ng1 Rxg2+ 0-1


[Site "https://www.chess.com"]

[Event "Titled Tuesday Blitz February 28 Late 2023"]
[White "Liu, Eric"]
[Black "Eckert, Doug"]
[WhiteFideId "30960240"]
[BlackFideId "2001993"]
[WhiteElo "2094"]
[BlackElo "2202"]
[Result "0-1"]
[Round "07"]
[TimeControl "180+2"]
[Date "2023.02.28"]
[WhiteClock "0:00:59"]
[BlackClock "0:00:25"]

1. Nf3 d5 2. c4 e6 3. b3 Nf6 4. Bb2 Be7 5. g3 O-O 6. Bg2 c5 7. O-O d4 8. a3 a5 9. e3 Nc6 10. Re1 e5 11. exd4 exd4 12. d3 h6 13. Nfd2 Bf5 14. Ne4 Nxe4 15. Bxe4 Bxe4 16. Rxe4 Bf6 17. Nd2 Re8 18. Qh5 Qb6 19. Rg4 Ne5 20. Re4 Nxd3 21. Qe2 Rxe4 22. Nxe4 Nxb2 23. Qxb2 Re8 24. f3 Re6 25. Re1 Be7 26. Qc2 f5 27. Qd3 fxe4 28. Rxe4 Rxe4 29. Qxe4 Bf6 30. Qe8+ Kh7 31. Qe4+ g6 32. h4 Qxb3 33. h5 Qe3+ 34. Qxe3 dxe3 35. hxg6+ Kxg6 36. a4 Kf5 37. Kf1 h5 38. Ke2 Bd4 39. Kd3 h4 40. gxh4 Kf4 41. Ke2 Bg7 42. h5 Bh6 43. Ke1 Kxf3 44. Kf1 e2+ 45. Ke1 Bg5 46. h6 Bf6 47. Kd2 Kf2 48. h7 e1=Q+ 49. Kd3 Qe3+ 50. Kc2 Qc3+ 51. Kd1 Ke3 52. h8=N Qd2# 0-1


[Site "https://www.chess.com"]

[Event "Titled Tuesday Blitz February 28 Late 2023"]
[White "Balla, Tamas-Kristof"]
[Black "Osmonbekov, Talaibek"]
[WhiteFideId "1208497"]
[BlackFideId "2017253"]
[WhiteElo "2334"]
[BlackElo "2135"]
[Result "1-0"]
[Round "07"]
[TimeControl "180+2"]
[Date "2023.02.28"]
[WhiteClock "0:00:42"]
[BlackClock "0:00:02"]

1. e4 c5 2. Nf3 d6 3. d4 cxd4 4. Qxd4 Nc6 5. Qe3 Nf6 6. c4 g6 7. Nc3 Bg7 8. Be2 O-O 9. O-O Be6 10. Rb1 Rc8 11. b3 Qa5 12. Bb2 Nd7 13. a3 Bg4 14. b4 Qb6 15. Nd5 Qxe3 16. Nxe3 Bxb2 17. Rxb2 Bxf3 18. Bxf3 Nde5 19. Be2 Nd4 20. Rc1 e6 21. h3 Rc7 22. Rd2 Nxe2+ 23. Rxe2 Rfc8 24. Rec2 Kf8 25. c5 dxc5 26. bxc5 Nd3 27. Rb1 Nxc5 28. Ng4 Nxe4 29. Re2 Rc1+ 30. Rxc1 Rxc1+ 31. Kh2 Nd6 32. Rb2 Ke7 33. Ne3 Ra1 34. Rb3 Ra2 35. f3 b5 36. Nd1 a6 37. Nc3 Rc2 38. Nd1 f5 39. Ne3 Ra2 40. Rd3 h5 41. Rc3 f4 42. Nc2 Nc4 43. g3 e5 44. gxf4 exf4 45. Kg1 Kd6 46. Kf1 Kd5 47. Nb4+ Kd4 48. Rd3+ Kc5 49. Nxa2 a5 50. Nc3 Ne3+ 51. Kf2 Kc4 52. Ke2 b4 53. axb4 axb4 54. Ne4 b3 55. Nd2+ 1-0


[Site "https://www.chess.com"]

[Event "Titled Tuesday Blitz February 28 Late 2023"]
[White "Melikhov, Evgeny V."]
[Black "Toncheva, Nadya"]
[WhiteFideId "4122046"]
[BlackFideId "2924056"]
[WhiteElo "2158"]
[BlackElo "2101"]
[Result "0-1"]
[Round "07"]
[TimeControl "180+2"]
[Date "2023.02.28"]
[WhiteClock "0:00:02"]
[BlackClock "0:01:16"]

1. d4 d5 2. c4 dxc4 3. Nf3 Nf6 4. e3 Bg4 5. Bxc4 e6 6. Nc3 a6 7. h3 Bh5 8. g4 Bg6 9. Nh4 Nbd7 10. Bf1 c5 11. Nxg6 hxg6 12. g5 Nd5 13. h4 cxd4 14. exd4 N7b6 15. Bg2 Bb4 16. Bd2 Rc8 17. Nxd5 Bxd2+ 18. Qxd2 Nxd5 19. a3 Qd6 20. Rc1 O-O 21. Rxc8 Rxc8 22. h5 gxh5 23. Rxh5 Nf4 24. Rh2 Nd3+ 25. Qxd3 Qxh2 26. Qf3 Qg1+ 27. Ke2 Rc2+ 28. Kd3 Qxf2 29. Qxf2 Rxf2 30. Bxb7 Rxb2 31. Bxa6 Rb3+ 32. Ke4 Rxa3 33. Bc4 Kh7 34. d5 exd5+ 35. Bxd5 Kg6 0-1


[Site "https://www.chess.com"]

[Event "Titled Tuesday Blitz February 28 Late 2023"]
[White "Jenkins, Drake"]
[Black "Bilan, Danila"]
[WhiteFideId "2022397"]
[BlackFideId "24161918"]
[WhiteElo "2302"]
[BlackElo "2182"]
[Result "0-1"]
[Round "07"]
[TimeControl "180+2"]
[Date "2023.02.28"]
[WhiteClock "0:00:03"]
[BlackClock "0:00:08"]

1. Nf3 d5 2. g3 Nf6 3. Bg2 Bf5 4. d3 e6 5. O-O c5 6. c4 Nc6 7. cxd5 exd5 8. d4 c4 9. b3 cxb3 10. Qxb3 Qb6 11. Qxb6 axb6 12. Nc3 Bb4 13. Nb5 Ra5 14. a4 O-O 15. Bf4 Rfa8 16. Bc7 Rxa4 17. Rxa4 Rxa4 18. Bxb6 Ra2 19. Nh4 Bg4 20. f3 Be6 21. e4 dxe4 22. fxe4 Bc4 23. Rb1 Bxb5 24. d5 Bd3 25. Rd1 Rxg2+ 26. Nxg2 Bxe4 27. dxc6 Bxc6 28. Rd8+ Ne8 29. Nf4 Kf8 30. Nd3 Bd6 31. Bc5 Ke7 32. Rb8 Kd7 33. Bxd6 Kxd6 34. Kf2 Nf6 35. Ke3 Ng4+ 36. Kf4 Nxh2 37. Rg8 g6 38. Rg7 Bd5 39. Rxh7 Nf1 40. Nb2 Nd2 41. Ke3 Nb3 42. Kd3 Nc5+ 43. Kd4 Ne6+ 44. Kd3 Be4+ 45. Kd2 Ke7 46. Nc4 Ng5 47. Rh8 Bd5 48. Kc1 Bxc4 49. Rb8 Be6 50. Rxb7+ Kf6 51. Rb5 Ne4 52. Rb4 Nf2 53. Kd2 Ng4 54. Ke2 Ne5 55. Kf2 Kg5 56. Ra4 Bf5 57. Ra5 f6 58. Ra6 Ng4+ 59. Kg1 Nh6 60. Ra3 Nf7 61. Kg2 Ne5 62. Kg1 Be4 63. Kf2 f5 64. Ra4 Nd3+ 65. Ke3 Kg4 66. Ra6 g5 67. Rg6 Ne5 68. Rg7 Nf3 69. Kf2 Ne5 70. Rg8 Nd3+ 71. Ke3 Nc5 72. Kf2 Nd7 73. Rg7 Nf6 74. Rg6 Nh5 75. Rg8 Nxg3 76. Rxg5+ Kxg5 77. Kxg3 f4+ 0-1


[Site "https://www.chess.com"]